Selects Airborne Battlegroup
Selects Heavy Machine Gun Paradrop
Heavy Machine Gun Paradrop
Heavy Machine Gun Paradrop
Construct Weapon Support Center
Mechanized Support Center
Selects Paratrooper Squad Paradrop
M3 Armored Personnel Carrier
Construct Medical Station
Paratrooper Squad Paradrop
Paratrooper Squad Paradrop
M4(105) Sherman Bulldozer
Selects Smoke Bombing Run
Selects Paradrop Reinforcements
M4A1(76) Sherman Medium Tank
Selects Carpet Bombing Run
M4A1(76) Sherman Medium Tank